 Dungeon Sprint DCSS version 0.29.1-12-g30fa7ad0bf (webtiles) character file.

Game seed: 14878971735253622925

434 sanboga the Cleaver (level 6, -10/64 HPs)
             Began as a Minotaur Berserker on Dec 30, 2022.
             Was a Believer of Trog.
             Succumbed to Sonja's poison
             ... in the Dungeon (Sprint I: "Red Sonja").
             The game lasted 00:01:19 (296 turns).

sanboga the Cleaver (Minotaur Berserker)             Turns: 296, Time: 00:01:19

Health: -10/64     AC:  2    Str: 23    XL:     6   Next: 67%
Magic:  5/5        EV: 12    Int:  4    God:    Trog [**....]
Gold:   304        SH:  0    Dex: 10    Spells: 5/5 levels left

rFire   . . .      SeeInvis .   a - +0 hand axe
rCold   . . .      Faith    .   (no shield)
rNeg    . . .      Spirit   .   b - +0 animal skin
rPois   .          Reflect  .   (helmet restricted)
rElec   .          Harm     .   (no cloak)
rCorr   .          Rampage  .   (no gloves)
Will    .....      NoTele   +   (no boots)
Stlth   +.........              (no amulet)
HPRegen 0.20/turn               (no ring)
MPRegen 0.09/turn               (no ring)

@: lethally poisoned (-10 -> -81), on berserk cooldown, slowed, very slow
A: horns 2, retaliatory headbutt
a: Renounce Religion, Berserk, Trog's Hand


You were in the Dungeon.
You worshipped Trog.
Trog was pleased with you.
You visited 1 branch You collected 304 gold pieces.

Inventory:

Hand Weapons
 a - a +0 hand axe (weapon)
Armour
 b - a +0 animal skin (worn)
Wands
 i - a wand of flame (6)
Scrolls
 h - a scroll of blinking
 j - a scroll of identify {unknown}
Potions
 c - 2 potions of curing
 d - a potion of heal wounds
 e - a potion of haste
 f - 2 potions of magic
 g - a potion of berserk rage


   Skills:
 + Level 9.4 Fighting
 * Level 12.6 Axes
 + Level 9.0 Armour
 - Level 2.1 Dodging


You had 5 spell levels left.
You didn't know any spells.
Your spell library was empty.

Dungeon Overview and Level Annotations

Branches:
Dungeon (1/1)

Altars:
Cheibriados
Dithmenos
Elyvilon
Fedhas
Gozag
Hepliaklqana
Kikubaaqudgha
Nemelex Xobeh
Okawaru
Qazlal
Ru
Sif Muna
Trog
Uskayaw
Vehumet
Wu Jian
Yredelemnul
Zin
The Shining One

Shops:
D =

Annotations:
D Sonja


Innate Abilities, Weirdness & Mutations

You have a pair of horns on your head.
You reflexively headbutt those who attack you in melee.


Message History

You slash Sonja!
Sonja is moderately wounded.
You feel sick. Sonja hits you but does no damage.
You are more poisoned.
Sonja completely misses you.
Sonja hits you with a +0 dagger of venom.
You closely miss Sonja. Your headbutt misses Sonja.
Sonja is moderately wounded.
You feel very sick.
Sonja hits you with a +0 dagger of venom.
Sonja barely misses you. x2; Sonja misses you.
Sonja hits you with a +0 dagger of venom.
You are more poisoned.
Sonja hits you with a +0 dagger of venom.
You are more poisoned.
Aiming: Throw Flame
Press: ? - help, Shift-Dir - straight line, f - Sonja
Aim: Sonja, wielding a +0 dagger of venom and quivering curare-tipped darts (moderately wounded, 25% to hit)
The puff of flame hits Sonja!
Sonja is heavily wounded.
You feel extremely sick.
Sonja hits you with a +0 dagger of venom.
You are lethally poisoned!
Sonja hits you with a +0 dagger of venom.
* * * LOW HITPOINT WARNING * * *
You are more poisoned.
Sonja hits you but does no damage.
You are more poisoned.
Sonja hits you with a +0 dagger of venom.
* * * LOW HITPOINT WARNING * * *
You are more poisoned.
Sonja hits you with a +0 dagger of venom.
* * * LOW HITPOINT WARNING * * *
Sonja hits you but does no damage.
You are more poisoned.
Aiming: Throw Flame
Press: ? - help, Shift-Dir - straight line, f/p - Sonja
Aim: Sonja, wielding a +0 dagger of venom and quivering curare-tipped darts (heavily wounded, 25% to hit)
The puff of flame misses Sonja.
You die...

################
#<.#..)..#.)'..#
#..').#..'..#..+
#..#####'#####'#
#..####..#...#.#
#..#__####.@##.#
#..#_____##K#_.+
#⌠⌠#_.∩..†'..._#
####_..__##_.#'#
#_____###'#.#
####### #.###
$.$ $.$# ##.##


You could see Sonja.

Vanquished Creatures
  Sigmund (D)
  A yak (D)
  An ogre (D)
  A jelly (D)
  Ijyb (D)
5 creatures vanquished.

Notes
Turn   | Place    | Note
-------+----------+-------------------------------------------
     0 | D        | sanboga the Minotaur Berserker began the quest for the Orb.
     0 | D        | Reached XP level 1. HP: 19/19 MP: 0/0
     2 | D        | Noticed Ijyb
    15 | D        | Killed Ijyb
    16 | D        | Reached skill level 5 in Fighting
    16 | D        | Reached skill level 6 in Axes
    16 | D        | Reached XP level 2. HP: 29/29 MP: 1/1
    63 | D        | Noticed an ogre
    65 | D        | Killed an ogre
    66 | D        | Reached skill level 8 in Axes
    66 | D        | Reached skill level 5 in Armour
    66 | D        | Reached XP level 3. HP: 38/38 MP: 2/2
    66 | D        | Reached XP level 4. HP: 45/45 MP: 3/3
   112 | D        | Noticed Sigmund
   115 | D        | Killed Sigmund
   115 | D        | Reached ** piety under Trog
   116 | D        | Reached skill level 11 in Axes
   116 | D        | Reached XP level 5. HP: 53/53 MP: 4/4
   159 | D        | Found an ornate altar of the Wu Jian Council.
   159 | D        | Found a shimmering blue altar of Sif Muna.
   161 | D        | Found a radiant altar of Vehumet.
   168 | D        | Reached XP level 6. HP: 49/62 MP: 5/5
   231 | D        | Found Ylases's Jewellery Emporium.
   231 | D        | Found an ancient bone altar of Kikubaaqudgha.
   231 | D        | Found a hazy altar of Hepliaklqana.
   231 | D        | Found a stormy altar of Qazlal.
   231 | D        | Found a hide-covered altar of Uskayaw.
   231 | D        | Found a blossoming altar of Fedhas.
   231 | D        | Found a bloodstained altar of Trog.
   231 | D        | Found an iron altar of Okawaru.
   231 | D        | Found a basalt altar of Yredelemnul.
   231 | D        | Found a glowing golden altar of the Shining One.
   231 | D        | Found a snail-covered altar of Cheibriados.
   231 | D        | Found a sacrificial altar of Ru.
   231 | D        | Found a glowing silver altar of Zin.
   231 | D        | Found a shadowy altar of Dithmenos.
   231 | D        | Found a white marble altar of Elyvilon.
   231 | D        | Noticed a yak
   241 | D        | Killed a yak
   242 | D        | Reached skill level 12 in Axes
   242 | D        | Found an opulent altar of Gozag.
   243 | D        | Found a sparkling altar of Nemelex Xobeh.
   285 | D        | Noticed Sonja
   296 | D        | Succumbed to Sonja's poison

Illustrated notes

Levels and vault maps discovered:
D:        dungeon_sprint_1 [red_sonja_temple_1, red_sonja_temple_small_1]

Skill      XL: |  1  2  3  4  5  6 |
---------------+-------------------+-----
Fighting       | 5 6 8 9 |  9.4
Axes           | 6 8 11 12 | 12.6
Armour         | 4 5 7 8 9 |  9.0
Dodging        | |  2.1

Action                   |  1- 3 |  4- 6 || total
-------------------------+-------+-------++-------
Melee: Hand axe          |    10 |    16 ||    26
       Headbutt          |     2 |     5 ||     7
       Punch             |     1 |       ||     1
Invok: Berserk           |     2 |     2 ||     4
Evoke: Wand              |       |     2 ||     2
Armor: Animal skin       |     2 |     4 ||     6
Dodge: Dodged            |     4 |     8 ||    12
